 Dungeon Crawl Stone Soup version 0.27-a0-1332-g84bddb5ca7 (webtiles) character file.

Game seed: 17661633681803606189

76814 senseless the Peltast (level 15, 0/141 HPs)
             Began as a Minotaur Fighter on June 25, 2021.
             Was the Champion of Okawaru.
             Slain by a spark wasp (17 damage)
             ... on level 4 of the Spider Nest.
             The game lasted 01:25:59 (19672 turns).

senseless the Peltast (Minotaur Fighter)           Turns: 19672, Time: 01:26:00

Health: 0/141      AC: 39    Str: 27    XL:     15   Next: 13%
Magic:  14/14      EV:  4    Int:  5    God:    Okawaru [******]
Gold:   2571       SH:  0    Dex: 26    Spells: 14/14 levels left

rFire    . . .     SeeInvis +   U - +7 demon whip "Qoqoutuv" {freeze, rN+}
rCold    . . .     Faith    .   G - +2 tower shield
rNeg     + + +     Spirit   .   C - +7 crystal plate armour of Going Fast {Dex+8}
rPois    .         Reflect  .   (helmet restricted)
rElec    .         Harm     .   c - +0 cloak "Bumor" {rCorr Dex+2 SInv}
rCorr    +         Rampage  +   o - +2 pair of gloves
Will     +....                  s - +2 pair of boots {rampage}
Stlth    ..........             e - amulet of regeneration
HPRegen  1.33/turn              Y - ring "Hasyut" {rN+ Dex+6}
MPRegen  0.14/turn              B - ring of positive energy

@: confused, lethally poisoned (0 -> -6), ambrosia-drunk
A: horns 2, retaliatory headbutt, subdued magic 1
a: Renounce Religion, Heroism, Finesse


You were on level 4 of the Spider Nest.
You worshipped Okawaru.
Okawaru was exalted by your worship.
You visited 4 branches of the dungeon, and saw 18 of its levels.
You also visited: Ossuary, Bailey and Volcano.

You collected 2571 gold pieces.

Inventory:

Hand Weapons
 A - a +7 mace of flaming
 L - a +7 quick blade of draining
 R - a +5 eveningstar of protection
 U - the +7 demon whip "Qoqoutuv" (weapon) {freeze, rN+}
   (Okawaru gifted it to you on level 1 of the Spider Nest)

   It has been specially enchanted to freeze those struck by it, causing extra
   injury to most foes and up to half again as much damage against particularly
   susceptible opponents.
   It can also slow down cold-blooded creatures.
   It protects you from negative energy.
Missiles
 g - 4 silver boomerangs
 n - 4 curare-tipped darts
 r - 68 poisoned darts (quivered)
 u - a throwing net
 x - 75 boomerangs
 E - 12 javelins
 O - 6 atropa-tipped darts
Armour
 c - the +0 cloak "Bumor" (worn) {rCorr Dex+2 SInv}
   (You found it in a bailey)

   It affects your dexterity (+2).
   It lets you see invisible.
   It protects you from acid and corrosion.
 o - a +2 pair of gloves (worn)
 s - a +2 pair of boots of rampaging (worn)
 C - the +7 crystal plate armour of Going Fast (worn) {Dex+8}
   (Okawaru gifted it to you on level 2 of the Lair of Beasts)

   It affects your dexterity (+8).
 G - a +2 tower shield (worn)
Jewellery
 d - a ring of protection from cold
 e - an amulet of regeneration (around neck)
 B - a ring of positive energy (right hand)
 Y - the ring "Hasyut" (left hand) {rN+ Dex+6}
   (You acquired it on level 1 of the Spider Nest)

   [ring of dexterity]

   It affects your dexterity (+6).
   It protects you from negative energy.
Wands
 b - a wand of digging (15)
 l - a wand of mindburst (12)
 y - a wand of acid (5)
 D - a wand of flame (21)
 K - a wand of iceblast (26)
Scrolls
 h - 4 scrolls of blinking
 p - 4 scrolls of identify
 t - 4 scrolls of teleportation
 v - 4 scrolls of magic mapping
 I - a scroll of summoning
 W - a scroll of fear
 X - a scroll of holy word
Potions
 a - 4 potions of haste
 f - 5 potions of attraction
 i - 3 potions of flight
 k - 4 potions of lignification
 m - 5 potions of brilliance
 q - a potion of heal wounds
 w - 3 potions of magic
 z - a potion of cancellation
 F - 4 potions of curing
 H - a potion of might
 J - a potion of mutation
 T - a potion of berserk rage
 Z - a potion of invisibility


   Skills:
 + Level 15.2 Fighting
 - Level 9.2(12.0) Axes
 + Level 12.5(13.5) Maces & Flails
 + Level 9.2 Throwing
 + Level 15.2 Armour
 + Level 15.2 Shields


You had 14 spell levels left.
You didn't know any spells.
Your spell library contained the following spells:

 Spells                   Type           Power      Damage    Failure   Level
 Animate Skeleton         Necr           0%         N/A       100%        1
 Apportation              Tloc           0%         N/A       100%        1
 Corona                   Hex            0%         N/A       100%        1
 Foxfire                  Conj/Fire      0%         2x1d4     100%        1
 Summon Small Mammal      Summ           0%         N/A       100%        1
 Confusing Touch          Hex            0%         N/A       100%        3
 Conjure Flame            Conj/Fire      0%         6-21      100%        3
 Inner Flame              Hex/Fire       0%         N/A       100%        3
 Cause Fear               Hex            0%         N/A       100%        4
 Sticky Flame             Conj/Fire      0%         2d3       100%        4
 Blade Hands              Tmut           0%         N/A       100%        5
 Fireball                 Conj/Fire      0%         3d3       100%        5
 Irradiate                Conj/Tmut      0%         3d13      100%        5
 Metabolic Englaciation   Hex/Ice        0%         N/A       100%        5
 Silence                  Hex/Air        0%         N/A       100%        5
 Yara's Violent Unravell  Hex/Tmut       0%         3d3       100%        5
 Statue Form              Tmut/Erth      0%         N/A       100%        6
 Dragon Form              Tmut           0%         N/A       100%        7
 Storm Form               Tmut/Air       0%         N/A       100%        7
 Discord                  Hex            0%         N/A       100%        8


Dungeon Overview and Level Annotations

Branches:
Dungeon (10/15)            Temple (1/1) D:6            Lair (3/6) D:8
 Spider (4/4) Lair:3          Orc (0/2) D:10        Ossuary (visited)
 Bailey (visited)         Volcano (visited)
  Swamp: Lair:2-4    Shoals: Lair:2-4

Altars:
Ashenzari
Cheibriados
Dithmenos
Elyvilon
Fedhas
Gozag
Hepliaklqana
Kikubaaqudgha
Makhleb
Nemelex Xobeh
Okawaru
Qazlal
Ru
Sif Muna
Trog
Uskayaw
Vehumet
Wu Jian
Xom
Yredelemnul
Zin
The Shining One

Annotations:
D:8 3 runed translucent doors
Spider:3 1 runed translucent door, sanka's ghost, adept OpMo


Innate Abilities, Weirdness & Mutations

You have a pair of horns on your head.
You reflexively headbutt those who attack you in melee.
Your spells are a little easier to cast, but a little less powerful.


Message History

The wolf spider bites you but does no damage.
The jumping spider leaps!
The wolf spider hits you but does no damage.
The wolf spider bites you but does no damage.
The redback bites you but does no damage.
A wolf spider comes into view.
The spark wasp stings you but does no damage.
The wolf spider completely misses you. x2
You whack the wolf spider! You freeze the wolf spider.
The wolf spider is moderately wounded.
You feel very sick.
The jumping spider leaps!
The redback completely misses you. The wolf spider barely misses you.
The wolf spider bites you but does no damage.
The spark wasp stings you but does no damage.
The wolf spider hits you but does no damage.
The wolf spider bites you but does no damage.
You whack the wolf spider! You freeze the wolf spider.
Your headbutt misses the wolf spider.
The wolf spider is heavily wounded.
You feel very sick. The wolf spider hits you!
* * * LOW HITPOINT WARNING * * *
The wolf spider bites you!
* * * LOW HITPOINT WARNING * * *
The redback bites you but does no damage.
The spark wasp stings you but does no damage.
The wolf spider hits you!
* * * LOW HITPOINT WARNING * * *
The wolf spider bites you but does no damage.
You feel much better.
You feel very sick. The wolf spider hits you.
* * * LOW HITPOINT WARNING * * *
The wolf spider bites you!
* * * LOW HITPOINT WARNING * * *
The redback barely misses you. The spark wasp stings you.
* * * LOW HITPOINT WARNING * * *
The spark wasp shocks you!
You die...

## ##^... #### #.#.<.
##..## #####^.....
##....###..#.....##
##..^...#.^....##..#
##^..##....#..#^....#
#^^#^#..#....#.#y.s.#
##....^#.....##@ss#^
#...#.....#..^#ssss#
##....##...#...#s##ss#
#^#.#†^.^#.....#ss .s#
.....#.#..#...#..# #..
.....#............ ^
..††##...##.####..
^#^..#.#....#.^#^.
..#..†.^.#.#.. #..


You could see a spark wasp, 3 wolf spiders, a jumping spider, 6 tarantellas and
3 redbacks.

Vanquished Creatures
  An emperor scorpion (Spider:4)
  A spark wasp (Spider:3)
  A dire elephant (Lair:2)
  4 entropy weavers
  A red draconian (Volcano)
  3 hydras
  4 boulder beetles
  An ogre mage (Volcano)
  7 two-headed ogres
  Erica (Lair:2)
  A death yak (Lair:3)
  An orc knight (Bailey)
  8 orb spiders
  A manticore (D:10)
  11 wolf spiders
  2 oklob plants (Lair:2)
  17 elephants (Lair:2)
  A black mamba (Lair:3)
  2 molten gargoyles (Volcano)
  10 cane toads
  A gargoyle (D:10)
  2 rime drakes
  3 kobold demonologists (D:9)
  3 komodo dragons
  10 demonic crawlers
  Prince Ribbit (D:7)
  25 jumping spiders
  2 trolls
  5 blink frogs
  6 hornets
  68 redbacks
  A wraith (D:10)
  22 tarantellas
  13 spriggans
  2 shadows (D:10)
  2 wyverns
  13 yaks
  A basilisk (Lair:3)
  2 fire bats (Volcano)
  A vampire mosquito (Spider:1)
  5 steam dragons
  4 water moccasins
  2 ice beasts
  A swamp drake (D:10)
  8 orc warriors
  4 black bears
  3 boggarts (Lair:3)
  4 ogres
  A necrophage (D:2)
  9 wolves
  2 phantoms
  3 centaurs
  3 kobold brigands
  2 gnoll sergeants
  7 bullfrogs
  7 scorpions
  A water moccasin zombie (D:5)
  A water moccasin skeleton (D:5)
  5 wights (D:7)
  3 killer bees (D:8)
  2 howler monkeys
  9 centaur zombies
  5 lava snakes (Volcano)
  A centaur skeleton (D:4)
  6 hounds
  3 jellies
  Crazy Yiuf (D:7)
  6 orc priests
  Ijyb (D:3)
  6 iguanas
  13 orc wizards
  A hound skeleton (D:4)
  6 mummies (Ossuary)
  2 howler monkey zombies
  13 gnolls
  A howler monkey skeleton (D:5)
  4 adders
  2 white imps
  8 worms
  3 dart slugs
  59 orcs
  12 ball pythons
  5 bats
  7 endoplasms
  5 giant cockroaches
  22 goblins
  15 hobgoblins
  21 jackals
  6 quokkas
  2 frilled lizards
  3 hobgoblin zombies (Ossuary)
  38 kobolds
  2 rats
626 creatures vanquished.

Vanquished Creatures (others)
  A two-headed ogre (D:10)
  A troll (D:10)
  A yak (D:10)
  An orc warrior (D:10)
  2 centaurs (D:10)
  A kobold brigand (D:10)
  A bullfrog (D:6)
  79 fungi
  83 plants
170 creatures vanquished.

Grand Total: 796 creatures vanquished

Notes
Turn   | Place    | Note
-------+----------+-------------------------------------------
     0 | D:1      | senseless the Minotaur Fighter began the quest for the Orb.
     0 | D:1      | Reached XP level 1. HP: 19/19 MP: 0/0
    96 | D:1      | Reached XP level 2. HP: 20/27 MP: 1/1
   537 | D:1      | You fall into a shaft and drop 1 floor!
   546 | D:2      | Identified the Grimoire of the Curious Youths
   708 | D:1      | Found a faded altar of an unknown god.
   721 | D:1      | Reached XP level 3. HP: 33/33 MP: 2/2
  1504 | D:2      | Noticed a necrophage
  1512 | D:2      | Killed a necrophage
  1513 | D:2      | Reached XP level 4. HP: 41/41 MP: 3/3
  1575 | D:2      | Reached XP level 5. HP: 47/47 MP: 4/4
  3030 | D:3      | Reached skill level 5 in Armour
  3030 | D:3      | Reached skill level 5 in Shields
  3034 | D:3      | Noticed Ijyb
  3090 | D:3      | Killed Ijyb
  3091 | D:3      | Reached skill level 5 in Fighting
  3216 | D:4      | Reached XP level 6. HP: 52/56 MP: 5/5
  3542 | D:4      | Found a sand-covered staircase.
  3624 | Ossuary  | Entered an ossuary
  3637 | Ossuary  | Reached skill level 5 in Axes
  3637 | Ossuary  | Reached XP level 7. HP: 27/61 MP: 6/6
  4262 | D:4      | Found a bloodstained altar of Trog.
  4946 | D:4      | Reached XP level 8. HP: 68/71 MP: 7/7
  5374 | D:5      | Entered Level 5 of the Dungeon
  5718 | D:5      | Found a white marble altar of Elyvilon.
  5909 | D:5      | Identified the +1 robe of the Hidden Blessings {rF+}
  6266 | D:6      | Reached XP level 9. HP: 46/81 MP: 8/8
  6683 | D:6      | Paralysed by a hornet for 3 turns
  6792 | D:6      | Identified the +7 dagger of the Head {venom, rElec rF+
                  | Int-5 Dex+2}
  7023 | D:6      | Found a glowing silver altar of Zin.
  7185 | D:6      | Noticed a boulder beetle
  7203 | D:6      | Killed a boulder beetle
  7204 | D:6      | Reached XP level 10. HP: 85/91 MP: 9/9
  7391 | D:6      | Found a staircase to the Ecumenical Temple.
  7399 | Temple   | Entered the Ecumenical Temple
  7568 | Temple   | Became a worshipper of the Shining One
  8113 | D:7      | Noticed Prince Ribbit
  8134 | D:6      | Reached skill level 1 in Maces & Flails
  8248 | D:7      | Killed Prince Ribbit
  8267 | D:7      | Reached * piety under the Shining One
  8274 | D:7      | Reached skill level 10 in Shields
  8408 | D:7      | Found a runed translucent door.
  8409 | D:7      | Noticed Crazy Yiuf
  8476 | D:7      | Reached skill level 10 in Armour
  8531 | D:7      | Reached skill level 10 in Fighting
  8744 | D:7      | Killed Crazy Yiuf
  9019 | D:8      | Found a staircase to the Lair.
  9081 | D:8      | Noticed a two-headed ogre
  9089 | D:8      | Killed a two-headed ogre
  9305 | D:8      | Found a runed translucent gate.
  9305 | D:8      | Found a runed translucent gate.
  9305 | D:8      | Found a runed translucent gate.
  9306 | D:8      | Noticed a cyan ugly thing
  9306 | D:8      | Noticed a cyan ugly thing
  9307 | D:8      | Noticed a green ugly thing
  9308 | D:8      | Noticed a green ugly thing
  9309 | D:8      | Noticed a cyan ugly thing
  9657 | D:9      | Noticed a two-headed ogre
  9665 | D:9      | Killed a two-headed ogre
  9732 | D:9      | Reached XP level 11. HP: 97/101 MP: 10/10
  9742 | D:8      | Identified a scroll of acquirement
  9742 | D:8      | Acquired 1063 gold pieces
  9786 | D:9      | Gained mutation: Your spells are a little easier to cast,
                  | but a little less powerful. [a neqoxec]
  9788 | D:9      | Noticed a sun demon
  9985 | D:9      | Noticed a sun demon
  9987 | D:9      | Noticed a soul eater
  9999 | D:9      | Reached skill level 5 in Maces & Flails
 10272 | D:9      | Found an iron altar of Okawaru.
 10282 | D:9      | Fell from the grace of the Shining One
 10282 | D:9      | Became a worshipper of Warmaster Okawaru
 10391 | D:10     | Entered Level 10 of the Dungeon
 10397 | D:10     | Found a flagged portal.
 10406 | D:10     | Identified the +1 hand axe of Hisufib {drain, Str+6}
 10415 | Bailey   | Entered a bailey
 10438 | Bailey   | Noticed an orc knight
 10461 | Bailey   | Killed an orc knight
 10645 | Bailey   | Identified the +0 cloak "Bumor" {rCorr Dex+2 SInv}
 10848 | D:10     | Reached * piety under Okawaru
 10947 | D:10     | Killed a two-headed ogre
 11060 | D:10     | Found a shimmering altar of Xom.
 11087 | D:10     | Found an opulent altar of Gozag.
 11289 | D:10     | Found a staircase to the Orcish Mines.
 11297 | D:10     | Reached ** piety under Okawaru
 11573 | D:10     | Noticed a two-headed ogre
 11578 | D:10     | Killed a two-headed ogre
 11997 | Lair:1   | Entered Level 1 of the Lair of Beasts
 12036 | Lair:1   | Reached skill level 1 in Throwing
 12067 | Lair:1   | You fall into a shaft and drop 1 floor!
 12094 | Lair:2   | Reached *** piety under Okawaru
 12196 | Lair:1   | Found a dark tunnel.
 12203 | Lair:1   | Reached **** piety under Okawaru
 12204 | Lair:1   | Reached XP level 12. HP: 112/112 MP: 11/11
 12209 | Volcano  | Entered a volcano
 12437 | Volcano  | Found a bloodstained altar of Trog.
 12437 | Volcano  | Noticed a two-headed ogre
 12437 | Volcano  | Noticed a two-headed ogre
 12437 | Volcano  | Noticed an ogre mage
 12437 | Volcano  | Noticed a two-headed ogre
 12445 | Volcano  | Killed a two-headed ogre
 12449 | Volcano  | Killed a two-headed ogre
 12455 | Volcano  | Killed a two-headed ogre
 12455 | Volcano  | Received a gift from Okawaru
 12458 | Volcano  | Killed an ogre mage
 12473 | Volcano  | Noticed a two-headed ogre
 12481 | Volcano  | Killed a two-headed ogre
 12481 | Volcano  | Reached ***** piety under Okawaru
 12566 | Volcano  | Noticed a red draconian
 12581 | Volcano  | Killed a red draconian
 13284 | Lair:1   | Noticed a six-headed hydra
 13292 | Lair:1   | Killed a six-headed hydra
 13342 | Lair:1   | Received a gift from Okawaru
 13781 | Lair:2   | Noticed Erica
 13795 | Lair:2   | Killed Erica
 13796 | Lair:2   | Reached skill level 5 in Throwing
 14098 | Lair:2   | Reached XP level 13. HP: 119/122 MP: 12/12
 14379 | Lair:2   | Noticed a dire elephant
 14403 | Lair:2   | Killed a dire elephant
 14403 | Lair:2   | Identified the +7 crystal plate armour of Going Fast
                  | {Dex+8} (Okawaru gifted it to you on level 2 of the Lair of
                  | Beasts)
 14403 | Lair:2   | Received a gift from Okawaru
 14884 | Lair:3   | Reached skill level 10 in Maces & Flails
 15037 | Lair:3   | Reached ****** piety under Okawaru
 15334 | Lair:3   | Found a hole to the Spider Nest.
 15661 | Lair:3   | Identified the +1 robe of the Vacuum {rN++ rCorr Int-3}
 15879 | Lair:3   | Found a hide-covered altar of Uskayaw.
 16058 | Spider:1 | Entered Level 1 of the Spider Nest
 16077 | Spider:1 | Received a gift from Okawaru
 16215 | Spider:1 | Identified the +7 demon whip "Qoqoutuv" {freeze, rN+}
                  | (Okawaru gifted it to you on level 1 of the Spider Nest)
 16215 | Spider:1 | Received a gift from Okawaru
 16344 | Spider:1 | Reached XP level 14. HP: 132/132 MP: 13/13
 16410 | Spider:1 | Acquired the ring "Hasyut" {rN+ Dex+6}
 17194 | Spider:2 | Received a gift from Okawaru
 18248 | Spider:3 | Received a gift from Okawaru
 18604 | Spider:3 | Received a gift from Okawaru
 18630 | Spider:3 | Received a gift from Okawaru
 18834 | Spider:3 | Reached skill level 15 in Shields
 18840 | Spider:3 | Reached skill level 15 in Armour
 18882 | Spider:3 | Reached skill level 15 in Fighting
 18908 | Spider:3 | Found a runed translucent door.
 18967 | Spider:3 | Noticed sanka's ghost (adept OpMo)
 19433 | Spider:4 | Entered Level 4 of the Spider Nest
 19460 | Spider:4 | Reached XP level 15. HP: 141/141 MP: 14/14
 19672 | Spider:4 | Slain by a spark wasp

Illustrated notes

Levels and vault maps discovered:
D:1:      dpeg_arrival_pits, layout_basic, basic_ecumenical_altar,
          chequers_serial_rivers_micro_d, minmay_tall_x
D:2:      layout_basic
D:3:      layout_loops_cross, uniq_ijyb
D:4:      minmay_bubble_buster, layout_basic, nicolae_overflow_hidden_temple,
          nicolae_ossuary_entry_false_entrances, minmay_misc_feat_chi,
          chequers_serial_rivers_micro_b
D:5:      layout_basic, nicolae_elyvilon_temple_path, wad_rectangle_vault
D:6:      corexii_shantytown, layout_basic, general_overflow_altar,
          minmay_temple_entry_glassed_door, minmay_misc_feat_five,
          grunt_ministairs_10
D:7:      layout_loops_cross, uniq_prince_ribbit1, uniq_crazy_yiuf_cottage
D:8:      layout_cave_pods, dpeg_oklobed_lair,
          ploomutoo_gammafunk_ghost_potion_laboratory
D:9:      layout_rooms, kennysheep_okawaru_gauntlet
D:10:     layout_loops_corners, grunt_gozag_breadcrumbs, xom_confusion_cloud,
          erik_orc_1, enter_bailey_2
Temple:   nicolae_temple_elliptical
Lair:1:   beast_lair_carwin_large_2, layout_gridlike,
          lightli_volcano_entry_magma_tube
Lair:2:   mu_elephants_graveyard, layout_chaotic_city,
          minmay_lair_oklob_chamber, uniq_erica
Lair:3:   kb_forest_paths, layout_long_grid, nicolae_spider_entry_non_spiders,
          basic_altar, nzn_random_ring
Spider:1: layout_spider_delve, einodemon_crawler_minivault
Spider:2: layout_chambers, hangedman_spider_tarantella_strand
Spider:3: layout_spider_delve, ebering_ghost_inner_flame, drop_trap
Spider:4: grunt_spider_rune_circles

Skill      XL: |  1  2  3  4  5  6  7  8  9 10 11 12 13 14 |
---------------+-------------------------------------------+-----
Fighting       | 4 5 6 7 9 10 12 13 14 15 | 15.2
Shields        | 4 5 6 8 9 10 12 13 14 15 | 15.2
Axes           | 3 4 5 6 7 9 |  9.2
Armour         | 4 5 6 8 9 10 12 13 14 15 | 15.2
Maces & Flails | 4 7 9 10 12 | 12.5
Throwing       | 2 5 7 9 |  9.2

Action                   |  1- 3 |  4- 6 |  7- 9 | 10-12 | 13-15 || total
-------------------------+-------+-------+-------+-------+-------++-------
Melee: War axe           |    77 |   109 |   268 |    58 |       ||   512
       Headbutt          |     9 |    21 |    56 |   177 |   265 ||   528
       Unarmed           |       |     4 |       |       |       ||     4
       Mace              |       |       |       |   618 |   332 ||   950
       Demon whip        |       |       |       |       |   447 ||   447
Throw: Stone             |    25 |    12 |       |    30 |       ||    67
       Boomerang         |       |    18 |       |     1 |       ||    19
       Dart              |       |     8 |    79 |    90 |    71 ||   248
Invok: Heroism           |       |       |       |     1 |     1 ||     2
  Use: Scroll            |       |     4 |    10 |    16 |     8 ||    38
       Potion            |       |     1 |     1 |     5 |     6 ||    13
 Stab: Distracted        |       |       |       |       |     1 ||     1
       Held in net/web   |       |       |       |       |     2 ||     2
Armor: Scale mail        |    36 |    70 |    81 |       |       ||   187
       Chain mail        |       |       |    76 |    15 |       ||    91
       Plate armour      |       |       |       |   381 |    27 ||   408
       Crystal plate arm |       |       |       |       |   476 ||   476
Dodge: Dodged            |    27 |    58 |    77 |   111 |    75 ||   348
Block: Kite shield       |    33 |    61 |   143 |       |       ||   237
       Tower shield      |       |       |       |   840 |   852 ||  1692

Table legend: (Time is in decaauts)
 A = Elapsed time spent in this place.
 B = Non-inter-level travel time spent in this place.
 C = Inter-level travel time spent in this place.
 D = Time resting spent in this place.
 E = Time spent auto-exploring this place.
 F = Levels seen in this place.
 G = Mean time per level.
                   A        B        C        D        E       F      G
               +--------+--------+--------+--------+--------+-----+--------+
         Total |  19990 |  19336 |    654 |   1320 |  13450 |  21 |  951.9 |
       Dungeon |  11232 |  10751 |    481 |    718 |   7727 |  10 | 1123.2 |
        Temple |    179 |    144 |     35 |      0 |    142 |   1 |  179.0 |
          Lair |   3508 |   3439 |     69 |    162 |   2364 |   3 | 1169.3 |
   Spider Nest |   3387 |   3318 |     69 |    191 |   2404 |   4 |  846.8 |
       Ossuary |    537 |    537 |      0 |    231 |    221 |   1 |  537.0 |
        Bailey |    430 |    430 |      0 |     18 |    101 |   1 |  430.0 |
       Volcano |    713 |    713 |      0 |      0 |    491 |   1 |  713.0 |
               +--------+--------+--------+--------+--------+-----+--------+

Top non-repeatable levels by time:
     D:4: 1699 daAuts
  Lair:3: 1448 daAuts
     D:6: 1395 daAuts
     D:1: 1280 daAuts
    D:10: 1208 daAuts
Spider:3: 1146 daAuts
Spider:2: 1141 daAuts
  Lair:2: 1119 daAuts
     D:2: 1064 daAuts
     D:8: 1014 daAuts
     D:7: 995 daAuts
     D:5: 984 daAuts
     D:3: 954 daAuts
  Lair:1: 940 daAuts
Spider:1: 886 daAuts
